 Dungeon Crawl Stone Soup version 0.30-a0-782-ge64f9170bb (webtiles) character file.

Game seed: 18260428378560627711

47 Leeroy the Insei (level 3, -4/23 HPs)
             Began as an Octopode Transmuter on Feb 22, 2023.
             Slain by a kobold
             ... wielding a +1 whip of electrocution
              (6 damage)
             ... on level 2 of the Dungeon.
             The game lasted 00:01:25 (907 turns).

Leeroy the Insei (Octopode Transmuter)               Turns: 907, Time: 00:01:25

Health: -4/23      AC:  1    Str:  9    XL:     3   Next: 70%
Magic:  6/6        EV: 13    Int: 23    God:
Gold:   66         SH:  0    Dex: 12    Spells: 5/6 levels left

rFire   . . .      SeeInvis .      - Unarmed
rCold   . . .      Faith    .    (no shield)
rNeg    . . .      Spirit   .    (helmet restricted)
rPois   .          Reflect  .    g - amulet of magic regeneration
rElec   .          Harm     .    c - +6 ring of intelligence
rCorr   .          Rampage  .    (no ring)
Will    .....                    (no ring)
Stlth   ++                       (no ring)
HPRegen 0.23/turn                (no ring)
MPRegen 0.50/turn                (no ring)
                                 (no ring)
                                 (no ring)

@: no status effects
A: almost no armour, amphibious, 8 rings, camouflage 1, gelatinous body 1,
(nimble swimmer 1), tentacles
a: no special abilities


You were on level 2 of the Dungeon.
You visited 1 branch of the dungeon, and saw 2 of its levels.

You collected 66 gold pieces.

Inventory:

Jewellery
 c - a +6 ring of intelligence (left tentacle)
 g - an amulet of magic regeneration (around mantle)
 i - an amulet of faith
Scrolls
 d - 2 scrolls of identify {unknown}
 e - a scroll of immolation {unknown}
 k - a scroll of vulnerability {unknown}
 m - 2 scrolls of poison {unknown}
Potions
 a - 2 potions of lignification
 b - a potion of curing {unknown}
 f - a potion of heal wounds {unknown}
 h - a potion of mutation {unknown}
 j - a potion of flight {unknown}
 l - a potion of might {unknown}


   Skills:
 - Level 1.0 Fighting
 - Level 2.0 Dodging
 + Level 4.5 Unarmed Combat
 - Level 2.0 Spellcasting
 - Level 2.0 Transmutations


You had 5 spell levels left.
You knew the following spells:

 Your Spells              Type           Power      Damage    Failure   Level
a - Beastly Appendage     Tmut           22%        N/A       5%          1

Your spell library contained the following spells:

 Spells                   Type           Power      Damage    Failure   Level
 Wereblood                Tmut           11%        N/A       9%          2
 Spider Form              Tmut/Pois      6%         N/A       26%         3
 Ice Form                 Ice/Tmut       6%         N/A       63%         4
 Animate Dead             Necr           2%         N/A       77%         4
 Borgnjor's Vile Clutch   Necr/Erth      1%         N/A       98%         5
 Death Channel            Necr           1%         N/A       100%        6


Dungeon Overview and Level Annotations

Branches:
Dungeon (2/15)

Altars:


Innate Abilities, Weirdness & Mutations

You cannot wear most types of armour.
You are amphibious.
You can wear up to eight rings at the same time.
Your skin changes colour to match your surroundings (Stealth+).
Your rubbery body absorbs attacks. (AC +1, EV +1)
((You are camouflaged when in or above water. (Stealth+)))
You have tentacles for arms and can constrict up to eight enemies at once.


Message History

You closely miss the hobgoblin. You grab the hobgoblin.
You tentacle-slap the hobgoblin. You squeeze the hobgoblin.
You kill the hobgoblin!
No target in view!
No target in view!
No target in view!
You see here a hobgoblin corpse.
l - an emerald potion
m - 2 scrolls labelled IFFOCH SAMA No target in view!
You see here a +0 hand axe of holy wrath.
You now have 62 gold pieces (gained 8).
Found a stone staircase leading down.
There is a stone staircase leading down here.
You now have 66 gold pieces (gained 4).
Found a stone staircase leading down.
No target in view!
A kobold comes into view.
It is wielding a +1 whip of electrocution.
A kobold is nearby!
A kobold is nearby!
An endoplasm comes into view.
Found a scroll labelled FOEG ILEEM.
The kobold shouts!
The kobold hits you with a +1 whip of electrocution.
You are electrocuted!!
Ouch! That really hurt!
* * * LOW HITPOINT WARNING * * *
You are too injured to fight recklessly!
You are too injured to fight recklessly!
You are too injured to fight recklessly!
You are too injured to fight recklessly!
Okay, then.
Casting: Beastly Appendage (safe; 5% risk of failure)
Confirm with . or Enter, or press ? or * to list all spells.
Okay, then.
You closely miss the kobold. You grab the kobold.
You tentacle-slap the kobold, but do no damage.
You constrict the kobold.
The kobold hits you with a +1 whip of electrocution.
You die...

#.# #.#
#.# #.#
#.# #.#
#.# ##.#
#.@# #K##
..?....>#
...######


You could see a kobold.

Vanquished Creatures
  An adder (D:2)
  A dart slug (D:1)
  3 ball pythons
  5 endoplasms
  2 giant cockroaches
  5 goblins
  2 hobgoblins (D:2)
  4 quokkas
  4 bats (D:1)
  A frilled lizard (D:1)
  4 kobolds
  A rat (D:2)
33 creatures vanquished.

Notes
Turn   | Place    | Note
-------+----------+-------------------------------------------
     0 | D:1      | Leeroy the Octopode Transmuter began the quest for the Orb.
     0 | D:1      | Reached XP level 1. HP: 13/13 MP: 3/3
    65 | D:1      | Reached XP level 2. HP: 18/18 MP: 5/5
   405 | D:1      | Reached skill level 4 in Unarmed Combat
   565 | D:2      | Reached XP level 3. HP: 23/23 MP: 6/6
   907 | D:2      | Slain by a kobold

Illustrated notes

Levels and vault maps discovered:
D:1:      tekkud_arrival_beachfront_property, layout_rooms
D:2:      minmay_angry_zag, layout_basic, grunt_ministairs_4,
          serial_park_tiny_2, kennysheep_generic_room_9

Skill      XL: |  1  2 |
---------------+-------+-----
Unarmed Combat | 4 |  4.5
Fighting       | |  1.0
Dodging        | |  2.0
Spellcasting   | |  2.0
Transmutations | |  2.0

Action                     || total
---------------------------++-------
  Melee: Unarmed           ||    75
         Constrict         ||    18
         Tentacles         ||    12
         Kick              ||     2
         Punch             ||     2
   Cast: Beastly Appendage ||     2
   Stab: Sleeping          ||     3
 Armour: Skin              ||     4
  Dodge: Dodged            ||    40

Table legend: (Time is in decaauts)
 A = Elapsed time spent in this place.
 B = Non-inter-level travel time spent in this place.
 C = Inter-level travel time spent in this place.
 D = Time resting spent in this place.
 E = Time spent auto-exploring this place.
 F = Levels seen in this place.
 G = Mean time per level.
                   A        B        C        D        E       F      G
               +--------+--------+--------+--------+--------+-----+--------+
         Total |    900 |    872 |     28 |      0 |    649 |   2 |  450.0 |
       Dungeon |    900 |    872 |     28 |      0 |    649 |   2 |  450.0 |
               +--------+--------+--------+--------+--------+-----+--------+

Top non-repeatable levels by time:
     D:1: 557 daAuts
     D:2: 342 daAuts
